cohdb
Replays
Latest Replays
All Replays
Popular Replays
Top Player Replays
Match Explorer
How It Works
Community
CoH3 Stats
Reddit
Sign in to upload your games and track your stats! →
Sign in with Steam
Match 42065826
Unlisted
Match 42065826
Overview
Messages
Build Orders
End
Scout Squad
Construct Barracks
Riflemen Squad
Selects Heavy Weapons
Riflemen Squad
Riflemen Squad
Grenade Package
Selects Assault Carriers
Construct Medical Station
Infantry Support Center
Construct Motor Pool
M24 Chaffee Light Tank
M1 Mortar Team
Selects Exchangeable Parts
Engineer Squad
M8 Greyhound Armored Car
M1 Anti-tank Gun Team
Engineer Squad
Selects M26 Pershing Heavy Tank
M26 Pershing Heavy Tank
M24 Chaffee Light Tank
Reakly
HulkSMASH
0
0
Comments
sign in to comment!
No comments posted yet!